 Dungeon Crawl Stone Soup version 0.15.2 (webtiles) character file.

17427 magipi the Grappler (level 12, -11/121 (122) HPs)
             Began as a Troll Chaos Knight on Sept 22, 2015.
             Was a Plaything of Xom.
             Mangled by a red wasp (15 damage)
             ... on Level 9 of the Dungeon.
             The game lasted 01:13:17 (10521 turns).

magipi the Grappler (Troll Chaos Knight)           Turns: 10521, Time: 01:13:17

HP -11/121 (122) AC  7     Str 23      XL: 12   Next: 18%
MP   5/5         EV 14     Int  6      God: Xom
Gold 201         SH  0     Dex 14      Spells:  0 memorised, 11 levels left

rFire  . . .     SeeInvis .       - Unarmed
rCold  . . .     Clarity  .     n - +2 robe {MR+}
rNeg   . . .     rCorr    +     (shield restricted)
rPois  .         rRot     .     (helmet restricted)
rElec  .         Spirit   .     r - +0 cloak
SustAb .         Warding  .     (gloves unavailable)
rMut   .         Stasis   .     (boots unavailable)
Gourm  +                        y - amulet of resist corrosion
MR     ++...                    A - ring of protection from magic
                                G - +1 ring of dexterity

@: lethally poisoned, slowed, very slow, very resistant to hostile enchantments,
very unstealthy
A: unfitting armour, claws 3, deformed body, dopey 1, fast metabolism 3,
gourmand, regeneration 2, saprovore 2, shaggy fur 1, tough skin 2
a: Renounce Religion


You were on level 9 of the Dungeon.
You worshipped Xom.
You were a very special plaything of Xom.
You were not hungry.

You visited 2 branches of the dungeon, and saw 14 of its levels.

You collected 627 gold pieces.
You spent 426 gold pieces at shops.

Inventory:

Hand weapons
 b - a +4 blowgun
Missiles
 f - 44 poisoned needles
 l - 7 large rocks
 o - 6 javelins
 s - 4 tomahawks (quivered)
 O - 2 steel javelins
 U - 3 throwing nets
Armour
 n - a +2 robe of magic resistance (worn)
 r - a +0 cloak (worn)
 P - a +0 steam dragon armour
Magical devices
 p - a wand of slowing (9)
 u - a wand of lightning (1)
 v - a wand of enslavement (17)
 w - a wand of lightning (5)
 x - a wand of polymorph (3)
 z - a wand of confusion (11)
 F - a wand of heal wounds (8)
 S - a wand of fireball (2)
Comestibles
 a - 8 meat rations
 j - 9 bread rations
 B - 10 beef jerkies
 D - 11 fruits
Scrolls
 h - 6 scrolls of teleportation
 k - 2 scrolls of amnesia
 q - 3 scrolls of remove curse
 E - 3 scrolls of magic mapping
 H - a scroll of recharging
 K - a scroll of identify
Jewellery
 y - an amulet of resist corrosion (around neck)
 A - a ring of protection from magic (right claw)
 G - a +1 ring of dexterity (left claw)
Potions
 c - 2 potions of heal wounds
 d - a potion of berserk rage
 e - 3 potions of might
 g - 6 potions of haste
 i - 3 potions of curing
 t - 2 potions of resistance
 C - 4 potions of restore abilities
 I - 2 potions of lignification
 J - 2 potions of agility
 L - a potion of beneficial mutation
 Q - a potion of brilliance
Books
 M - a book of Air

   Spells                             Type                      Level
   Shock                              Conjuration/Air              1
   Swiftness                          Charms/Air                   2
   Repel Missiles                     Charms/Air                   2
   Flight                             Charms/Air                   3
   Static Discharge                   Conjuration/Air              3
   Lightning Bolt                     Conjuration/Air              5
Miscellaneous
 m - a phial of floods


   Skills:
 + Level 8.8 Fighting
 - Level 8.0 Throwing
 + Level 8.5 Dodging
 - Level 12.0 Unarmed Combat


You had 11 spell levels left.
You didn't know any spells.

Dungeon Overview and Level Annotations

Branches:
Dungeon (13/15)            Temple (1/1) D:4             Orc (0/4) D:10
   Lair (0/8) D:8
 Vaults: D:13-14

Altars:
Ashenzari
Cheibriados
Dithmenos
Elyvilon
Fedhas
Kikubaaqudgha
Makhleb
Nemelex Xobeh
Okawaru
Qazlal
Sif Muna
Trog
Vehumet
Xom
Yredelemnul
The Shining One

Shops:
D:6 !   D:7 *   D:9 [:?(?

Annotations:
D:13 Nergalle


Innate Abilities, Weirdness & Mutations

You are too large for most types of armour.
You have claws for hands.
Your metabolism is lightning-fast.
You like to eat raw meat.
You heal very quickly.
You can eat rotten meat.
You are covered in fur (AC +1).
You have very tough skin (AC +2).
Armour fits poorly on your strangely shaped body.
You are dopey. (Int -2)

Vault maps used:
D:1:      minmay_arrival_semitransparent
D:2:      first_bread, uniq_sigmund
D:3:      old_standard_altar, minmay_joined_circles, uniq_natasha
D:4:      minmay_temple_entry_hall
D:5:      grunt_temple_overflow_order_and_chaos_2, minitemple, basic_altar
D:6:      old_standard_altar, serial_shops, nicolae_shop_crystal,
          kennysheep_nub, minivault_4, uniq_pikel
D:7:      serial_shops, kennysheep_little_box, grunt_ogre_cave,
          minmay_misc_feat_chi
D:8:      grunt_lair_entry_elf_guard_hut, bloody_trog
D:9:      yredelemnul_altar_generic, serial_shops, nicolae_shop_behind_doors,
          shop, nicolae_shop_behind_doors, shop, nicolae_shop_waterfront,
          minmay_misc_feat_enclosed, grunt_ministairs_10, minivault_19,
          uniq_erolcha
D:10:     orc_0_dummy, basic_altar, hangedman_abyss_or_decor_stabs, uniq_urug
D:12:     grunt_decor_resistance, uniq_harold
D:13:     grunt_vaults_entry_fortified, uniq_nergalle
Temple:   jpeg_temple_alley_garden_8


Message History

A yak comes into view.
Evoke which item? (* to show all) (? for menu, Esc to quit)
Zapping:
w - a wand of lightning
Press: ? - help, Shift-Dir - straight line You hear a mighty clap of thunder!
The bolt of lightning hits the yak.
The yak appears unharmed.
The bolt of lightning hits the yak.
The yak is heavily wounded.
The bolt of lightning misses the orc.
The bolt of lightning misses the orc priest.
The bolt of lightning hits the yak.
The yak is heavily wounded.
The bolt of lightning hits the yak.
The yak is severely wounded.
The yak closely misses you.
The orc priest's eyes start to glow.
Unknown command.
Evoke which item? (* to show all) (? for menu, Esc to quit)
Zapping:
w - a wand of lightning {zapped: 1}
Press: ? - help, Shift-Dir - straight line You hear a mighty clap of thunder!
The bolt of lightning hits the yak.
The yak is moderately wounded.
The bolt of lightning hits the yak.
The yak is almost dead.
The bolt of lightning misses the orc.
The bolt of lightning hits the orc priest.
You kill the orc priest!
The bolt of lightning hits the yak.
You kill the yak!
The yak gores you.
Unknown command.
You barely miss the yak.
The yak is moderately wounded.
The yak gores you!
You mangle the yak!!
The yak begins to bleed from its wounds!
The yak is severely wounded.
The yak barely misses you.
You mangle the yak!!
You kill the yak!
The yak gores you.
Things that are here:
a yak corpse x2
You claw the yak!
You kill the yak!
You closely miss the orc. The orc misses you.
You barely miss the orc. You closely miss the orc. The orc misses you.
You barely miss the orc. You claw the orc!
You kill the orc!
You hear Xom's avuncular chuckle.
The yak evaporates and reforms as a red wasp!
You are now a very special plaything of Xom.
You mangle the red wasp!! You claw the red wasp.
The red wasp is heavily wounded.
The red wasp stings you!
You are poisoned.
You feel yourself slow down.
You claw the red wasp!
The red wasp is severely wounded.
You feel sick. The red wasp stings you.
You are more poisoned.
You feel as though you will be slow longer.
The red wasp stings you!!
You are more poisoned.
You feel as though you will be slow longer.
Drink which item? (? for menu, Esc to quit)
You feel better. The red wasp misses you. The red wasp misses you.
Evoke which item? (* to show all) (? for menu, Esc to quit)
Zapping:
z - a wand of confusion {zapped: 3}
Press: ? - help, Shift-Dir - straight line, f - red wasp
Aim: a red wasp (severely wounded)
The red wasp easily resists.
The red wasp stings you!!
* * * LOW HITPOINT WARNING * * *
You are poisoned.
You suddenly lose the ability to move!
The red wasp completely misses you.
An orc comes into view. It is wielding a dagger.
You feel sick.
The orc shouts!
The red wasp stings you!!
* * * LOW HITPOINT WARNING * * *
You are more poisoned.
You feel as though you will be slow longer.
The red wasp stings you but does no damage.
* * * LOW HITPOINT WARNING * * *
You feel sick. The red wasp stings you!
* * * LOW HITPOINT WARNING * * *
You are more poisoned.
You feel as though you will be slow longer.
You can move again.
Drink which item? (? for menu, Esc to quit)
You feel better. The red wasp stings you!
* * * LOW HITPOINT WARNING * * *
You are lethally poisoned!
You feel as though you will be slow longer.
The red wasp barely misses you. The red wasp stings you!
You die...
Xom laughs nastily!

..# #.....≈≈≈≈≈≈≈ ..#
#.....Y≈≈≈≈≈≈ ### #......≈≈Y≈≈.
#....Y.≈≈≈... #.....o.o≈...
#..Y..Y...... #............
#####################.######.####
................@yYo)%# #.#
#.##################### #.####
#.# #..... #.# ###### ..# ###


You could see a red wasp, a yak and an orc.

Table legend:
 A = Kills in this place as a percentage of kills in entire the game.
 B = Kills by you in this place as a percentage of kills by you in the entire game.
 C = Kills by friends in this place as a percentage of kills by friends in the entire game.
 D = Other kills in this place as a percentage of other kills in the entire game.
 E = Experience gained in this place as a percentage of experience gained in the entire game.
 F = Experience gained in this place divided by the number of levels of this place that you have seen.
                   A       B       C       D       E      F
               +-------+-------+-------+-------+-------+----------------------
         Total | 100.0 | 100.0 | 100.0 |  -nan | 100.0 | 1778.4
       Dungeon | 100.0 | 100.0 | 100.0 |  -nan | 100.0 | 1915.2
               +-------+-------+-------+-------+-------+----------------------

Vanquished Creatures
  Harold (D:12)
  An unseen horror (D:10)
  4 hill giants
  Pikel (D:6)
  3 manticores
  2 cyclopes
  A kobold demonologist (D:12)
  A fire drake (D:13)
  3 gargoyles
  A troll (D:9)
  A trapdoor spider (D:9)
  3 wraiths (D:12)
  A fire bat (D:9)
  A wyvern (D:9)
  A hungry ghost (D:12)
  20 yaks
  4 vampire mosquitoes (D:12)
  A steam dragon (D:11)
  2 deep elf magi (D:9)
  A deep elf fighter (D:8)
  3 orc warriors
  A water moccasin (D:9)
  A slave (D:6)
  3 centaurs
  8 ogres
  A phantom (D:6)
  3 sky beasts
  A black bear (D:12)
  2 necrophages
  3 ice beasts
  2 crocodiles
  Sigmund (D:2)
  A big kobold (D:12)
  9 giant frogs
  A water moccasin zombie (D:8)
  2 scorpions
  2 electric eels
  3 wights (D:11)
  2 quasits
  5 hounds
  A yellow wasp zombie (D:8)
  6 jellies
  5 crimson imps
  4 orc priests
  A gnoll shaman (D:10)
  2 elf skeletons (D:9)
  6 worker ants
  Natasha (thrice) (D:3)
  An iguana (D:5)
  2 spectral orcs (D:13)
  7 orc wizards
  A sky beast zombie (D:6)
  An ogre zombie (D:6)
  2 mottled dragon skeletons
  10 gnolls
  A giant mite (D:8)
  7 adders
  A shadow imp (D:10)
  2 worms (D:3)
  An iguana zombie (D:11)
  2 orc skeletons
  7 giant geckos
  An ooze (D:3)
  46 orcs
  3 giant cockroaches
  19 hobgoblins
  4 jackals (D:8)
  6 quokkas
  22 bats
  A giant gecko zombie (D:5)
  7 giant newts
  15 goblins
  12 kobolds
  An orc zombie (D:6)
  18 rats
  7 ballistomycetes (D:11)
342 creatures vanquished.

Vanquished Creatures (collateral kills)
  Urug (D:10)
  A soldier ant (D:10)
  2 slaves (D:6)
  An orc warrior (D:10)
  A goliath beetle (D:10)
  A gnoll (D:6)
  An orc (D:10)
8 creatures vanquished.

Vanquished Creatures (others)
  A crimson imp (D:6)
  A quasit (D:6)
  2 iron imps (D:6)
  3 gnolls (D:6)
  4 white imps (D:6)
  7 ufetubi
  A bat (D:6)
  A giant spore (D:11)
  4 fungi (D:8)
24 creatures vanquished.

Grand Total: 374 creatures vanquished

Notes
Turn   | Place    | Note
--------------------------------------------------------------
     0 | D:1      | magipi, the Troll Chaos Knight, began the quest for the Orb.
     0 | D:1      | Reached XP level 1. HP: 22/22 MP: 1/1
    44 | D:1      | XOM: harmless Tloc miscast
   410 | D:2      | Reached XP level 2. HP: 29/29 MP: 1/1
   433 | D:2      | XOM: mild Erth miscast
   487 | D:2      | XOM: harmless Pois miscast
   710 | D:2      | Noticed Sigmund
   710 | D:2      | XOM: harmless Chrm miscast
   740 | D:2      | Killed Sigmund
   740 | D:2      | Reached skill level 5 in Unarmed Combat
   740 | D:2      | Reached XP level 3. HP: 3/36 MP: 2/2
   740 | D:2      | Reached XP level 4. HP: 3/44 MP: 2/2
   760 | D:2      | XOM: mild Divn miscast
  1006 | D:3      | Found a blossoming altar of Fedhas.
  1034 | D:3      | Noticed Natasha
  1049 | D:3      | Killed Natasha
  1279 | D:3      | Reached XP level 5. HP: 50/50 MP: 2/2
  1360 | D:3      | XOM: potion effect (agility)
  1365 | D:3      | Reached skill level 6 in Unarmed Combat
  1617 | D:3      | Reached XP level 6. HP: 42/59 MP: 3/3
  1835 | D:3      | Noticed Natasha
  1843 | D:3      | Killed Natasha
  1893 | D:3      | Reached skill level 7 in Unarmed Combat
  1983 | D:3      | Noticed Natasha
  2003 | D:3      | Killed Natasha
  2136 | D:4      | XOM: 2-stop teleportation journey
  2364 | D:4      | XOM: silly message
  2493 | D:4      | Found a staircase to the Ecumenical Temple.
  2508 | Temple   | Entered the Ecumenical Temple
  2719 | D:4      | XOM: noise
  2734 | D:4      | Reached skill level 8 in Unarmed Combat
  2734 | D:4      | Reached XP level 7. HP: 54/66 MP: 3/3
  2740 | D:4      | XOM: confusion (+ monsters)
  2814 | D:5      | Entered Level 5 of the Dungeon
  2816 | D:5      | Found a burning altar of Makhleb.
  2876 | D:5      | Found a deep blue altar of Sif Muna.
  2880 | D:5      | Found an ancient bone altar of Kikubaaqudgha.
  2880 | D:5      | Found a shattered altar of Ashenzari.
  2887 | D:5      | Found a radiant altar of Vehumet.
  3122 | D:5      | XOM: confusion (+ monsters)
  3299 | D:6      | Reached skill level 9 in Unarmed Combat
  3325 | D:6      | XOM: enchant monster (good)
  3331 | D:6      | XOM: summons friendly ufetubus
  3378 | D:6      | Noticed Pikel
  3381 | D:6      | XOM: summons 7 friendly demons
  3396 | D:6      | XOM: summons 7 friendly demons
  3426 | D:6      | XOM: enchant monster (good)
  3431 | D:6      | Killed Pikel
  3431 | D:6      | Reached skill level 10 in Unarmed Combat
  3431 | D:6      | Reached XP level 8. HP: 74/74 MP: 3/3
  3518 | D:6      | Found a stormy altar of Qazlal.
  3614 | D:6      | Reached skill level 11 in Unarmed Combat
  3715 | D:6      | XOM: silly message
  3972 | D:6      | Found Maenisam's Distillery.
  3983 | D:6      | Bought a potion of berserk rage for 30 gold pieces
  3983 | D:6      | Bought a potion of curing for 20 gold pieces
  3983 | D:6      | Bought a potion of haste for 70 gold pieces
  3983 | D:6      | Bought a potion of heal wounds for 30 gold pieces
  3983 | D:6      | Bought a potion of agility for 25 gold pieces
  3983 | D:6      | Bought a potion of curing for 20 gold pieces
  3983 | D:6      | Bought 2 potions of brilliance for 50 gold pieces
  4095 | D:7      | XOM: god gift: 32 gold pieces
  4120 | D:7      | XOM: colour smoke trail
  4129 | D:7      | Found Daef's Assorted Antiques.
  4229 | D:7      | XOM: vitrification
  4267 | D:7      | XOM: mild Hex miscast
  4407 | D:7      | XOM: mild Erth miscast
  4432 | D:7      | Reached skill level 12 in Unarmed Combat
  4432 | D:7      | Reached XP level 9. HP: 80/80 MP: 4/4
  4594 | D:7      | XOM: 5-stop teleportation journey
  4862 | D:8      | Noticed a gargoyle
  4894 | D:8      | XOM: noise
  4912 | D:8      | Killed a gargoyle
  5057 | D:8      | XOM: god gift: glowing quarterstaff {god gift}
  5157 | D:8      | XOM: harmless Hex miscast
  5178 | D:8      | Reached skill level 1 in Throwing
  5206 | D:8      | XOM: confuse monster(s)
  5310 | D:8      | Found a staircase to the Lair.
  5435 | D:8      | Found a bloodstained altar of Trog.
  5537 | D:8      | Reached skill level 5 in Fighting
  5694 | D:8      | XOM: destruction
  5713 | D:8      | Reached XP level 10. HP: 96/96 MP: 4/4
  5808 | D:9      | Found Breptuucs' Weapon Shop.
  5880 | D:9      | XOM: vitrification
  5910 | D:9      | Found a basalt altar of Yredelemnul.
  5995 | D:9      | Reached skill level 5 in Dodging
  6028 | D:9      | XOM: god gift: yellowed book {god gift}
  6029 | D:9      | Identified Xom's Almanac of the Pirate (Xom gifted it to you on level 9 of the Dungeon)
  6100 | D:9      | Noticed Erolcha
  6119 | D:9      | Noticed Erolcha
  6119 | D:9      | Erolcha changed into Erolcha the fire bat
  6119 | D:9      | XOM: polymorph Erolcha -> Erolcha the fire bat
  6146 | D:10     | Entered Level 10 of the Dungeon
  6164 | D:10     | Noticed a hill giant
  6175 | D:10     | Killed a hill giant
  6388 | D:9      | XOM: god gift: phial of floods
  6421 | D:10     | Noticed Urug
  6421 | D:10     | XOM: confuse monster(s)
  6429 | D:10     | XOM: summons friendly smoke demon
  6434 | D:10     | Killed Urug
  6514 | D:10     | Killed an unseen horror
  6536 | D:10     | Reached skill level 5 in Throwing
  6596 | D:10     | Found a staircase to the Orcish Mines.
  6602 | D:10     | XOM: potion effect (haste)
  6628 | D:10     | Found a deep blue altar of Sif Muna.
  6768 | D:10     | XOM: 2-stop teleportation journey
  6850 | D:10     | XOM: give mutations
  6850 | D:10     | Gained mutation: You are dopey. (Int -2) [Xom's mischief]
  6850 | D:10     | Gained mutation: Armour fits poorly on your strangely shaped body. [Xom's mischief]
  7138 | D:11     | Noticed a manticore
  7144 | D:11     | XOM: 3-stop teleportation journey
  7257 | D:11     | XOM: swap monsters
  7272 | D:11     | XOM: divination: magic mapping
  7274 | D:11     | XOM: confuse monster(s)
  7275 | D:11     | XOM: mild Necr miscast
  7291 | D:11     | Reached XP level 11. HP: 51/107 MP: 4/4
  7315 | D:11     | XOM: potion effect (curing)
  7323 | D:11     | Killed a manticore
  7510 | D:11     | Noticed a hill giant
  7513 | D:11     | XOM: cast spell 'Summon Butterflies'
  7519 | D:11     | Killed a hill giant
  7912 | D:12     | XOM: harmless Hex miscast
  7938 | D:12     | Noticed Harold
  7938 | D:12     | XOM: enchant monster (good)
  7961 | D:12     | Killed Harold
  8067 | D:12     | XOM: cast spell 'Stoneskin'
  8309 | D:13     | Noticed a hill giant
  8318 | D:13     | Killed a hill giant
  8419 | D:12     | XOM: summons friendly ufetubus
  8638 | D:13     | Noticed Nergalle
  8679 | D:13     | XOM: cast spell 'Dispersal'
  8694 | D:12     | Noticed a hill giant
  8701 | D:12     | Killed a hill giant
  9124 | D:13     | XOM: polymorph yak -> fire drake
  9138 | D:13     | XOM: enchant monster (good)
  9140 | D:13     | XOM: divination: detect items
  9212 | D:12     | XOM: divination: magic mapping
  9465 | D:12     | XOM: cast spell 'Beastly Appendage'
  9508 | D:13     | XOM: divination: detect creatures
  9716 | D:9      | Killed Erolcha the fire bat
  9716 | D:9      | Reached XP level 12. HP: 91/121 MP: 5/5
  9758 | D:9      | XOM: potion effect (haste)
  9862 | D:9      | Found Riarid's Magic Scroll Shoppe.
  9865 | D:9      | Bought a scroll of identify for 28 gold pieces
  9865 | D:9      | Bought a scroll of magic mapping for 49 gold pieces
  9865 | D:9      | Bought a scroll of identify for 28 gold pieces
  9865 | D:9      | Bought a scroll of identify for 28 gold pieces
  9950 | D:9      | XOM: confuse monster(s)
 10027 | D:9      | Found Paesabb's Magic Scroll Emporium.
 10030 | D:9      | Bought a scroll of identify for 24 gold pieces
 10030 | D:9      | Bought a scroll of identify for 24 gold pieces
 10163 | D:9      | Found Grutzuko's Book Emporium.
 10197 | D:9      | Found Uheadoel's Armour Shop.
 10400 | D:9      | XOM: harmless Tloc miscast
 10514 | D:9      | XOM: polymorph yak -> red wasp
 10518 | D:9      | Paralysed by a red wasp for 3 turns
 10520 | D:9      | HP: 3/121 [red wasp (8)]
 10521 | D:9      | Mangled by a red wasp

Action                   |  1- 3 |  4- 6 |  7- 9 | 10-12 || total
-------------------------+-------+-------+-------+-------++-------
Melee: Unarmed           |    59 |   224 |   315 |   466 ||  1064
       Blowgun           |       |       |       |     2 ||     2
 Fire: Blowgun           |       |       |    22 |    10 ||    32
Throw: Javelin           |       |       |       |     3 ||     3
       Throwing net      |       |       |       |     7 ||     7
       Large rock        |       |       |       |     1 ||     1
       Tomahawk          |       |       |       |     2 ||     2
Evoke: Wand              |       |     2 |     4 |     8 ||    14
  Use: Potion            |     1 |       |       |     7 ||     8
       Scroll            |       |     2 |     4 |    23 ||    29
 Stab: Confused          |       |       |     3 |     2 ||     5
       Paralysed         |       |       |     1 |       ||     1
       Sleeping          |       |       |       |     3 ||     3
       Distracted        |       |       |       |     1 ||     1
  Eat: Chunk             |     2 |    27 |    28 |    37 ||    94
       Pizza             |       |       |       |     2 ||     2

Action                   |  1- 3 |  4- 6 |  7- 9 | 10-12 || total
-------------------------+-------+-------+-------+-------++-------
Melee: Unarmed           |    59 |   224 |   315 |   466 ||  1064
       Blowgun           |       |       |       |     2 ||     2
 Fire: Blowgun           |       |       |    22 |    10 ||    32
Throw: Javelin           |       |       |       |     3 ||     3
       Throwing net      |       |       |       |     7 ||     7
       Large rock        |       |       |       |     1 ||     1
       Tomahawk          |       |       |       |     2 ||     2
Evoke: Wand              |       |     2 |     4 |     8 ||    14
  Use: Potion            |     1 |       |       |     7 ||     8
       Scroll            |       |     2 |     4 |    23 ||    29
 Stab: Confused          |       |       |     3 |     2 ||     5
       Paralysed         |       |       |     1 |       ||     1
       Sleeping          |       |       |       |     3 ||     3
       Distracted        |       |       |       |     1 ||     1
  Eat: Chunk             |     2 |    27 |    28 |    37 ||    94
       Pizza             |       |       |       |     2 ||     2

Action                   |  1- 3 |  4- 6 |  7- 9 | 10-12 || total
-------------------------+-------+-------+-------+-------++-------
Melee: Unarmed           |    59 |   224 |   315 |   466 ||  1064
       Blowgun           |       |       |       |     2 ||     2
 Fire: Blowgun           |       |       |    22 |    10 ||    32
Throw: Javelin           |       |       |       |     3 ||     3
       Throwing net      |       |       |       |     7 ||     7
       Large rock        |       |       |       |     1 ||     1
       Tomahawk          |       |       |       |     2 ||     2
Evoke: Wand              |       |     2 |     4 |     8 ||    14
  Use: Potion            |     1 |       |       |     7 ||     8
       Scroll            |       |     2 |     4 |    23 ||    29
 Stab: Confused          |       |       |     3 |     2 ||     5
       Paralysed         |       |       |     1 |       ||     1
       Sleeping          |       |       |       |     3 ||     3
       Distracted        |       |       |       |     1 ||     1
  Eat: Chunk             |     2 |    27 |    28 |    37 ||    94
       Pizza             |       |       |       |     2 ||     2
